 Dungeon Crawl Stone Soup version 0.28.0 (webtiles) character file.

Game seed: 13005599115314952617

3738 dorian the Arsonist (level 9, -3/43 (45) HPs)
             Began as a Deep Elf Fire Elementalist on Feb 11, 2022.
             Was an Initiate of Vehumet.
             Slain by a centaur zombie (4 damage)
             ... on level 8 of the Dungeon.
             The game lasted 00:20:58 (7767 turns).

dorian the Arsonist (Deep Elf Fire Elementalist)    Turns: 7767, Time: 00:20:59

HP:   -3/43 (45)    AC:  8    Str:  5    XL:     9   Next: 93%
MP:   7/23          EV: 16    Int: 31    God:    Vehumet [......]
Gold: 316           SH:  0    Dex: 15    Spells: 11/25 levels left

rFire   . . .      SeeInvis .   y - +5 spear (vorpal)
rCold   . . .      Faith    .   (no shield)
rNeg    . . .      Spirit   .   a - +1 robe
rPois   .          Reflect  .   t - +1 helmet
rElec   .          Harm     .   (no cloak)
rCorr   .          Rampage  .   (no gloves)
Will    .....                   q - +2 pair of boots
Stlth   ++........              b - amulet of magic regeneration
HPRegen 0.14/turn               d - +4 ring of evasion
MPRegen 0.58/turn               w - +6 ring of intelligence

@: lightly drained
A: no striking features
a: Renounce Religion


You were on level 8 of the Dungeon.
You worshipped Vehumet.
Vehumet was noncommittal.
You visited 2 branches of the dungeon, and saw 9 of its levels.

You collected 316 gold pieces.

Inventory:

Hand Weapons
 r - a +2 flail of protection
 y - a +5 vorpal spear (weapon)
Missiles
 B - 3 throwing nets
Armour
 a - a +1 robe (worn)
 f - the +0 leather armour of Indomitability {rC- Will+ Dex+8 Stlth+}
   (You found it on level 3 of the Dungeon)

   Dex:       It affects your dexterity (+8).
   rC:        It makes you vulnerable to cold.
   Will:      It increases your willpower.
   Stlth:     It makes you more stealthy.
 q - a +2 pair of boots (worn)
 t - a +1 helmet (worn)
Jewellery
 b - an amulet of magic regeneration (around neck)
 d - a +4 ring of evasion (left hand)
 s - a +6 ring of dexterity
 w - a +6 ring of intelligence (right hand)
Wands
 l - a wand of paralysis (4)
 p - a wand of flame (39)
 v - a wand of acid (11)
Scrolls
 c - 3 scrolls of fear
 h - 2 scrolls of enchant weapon
 j - 2 scrolls of teleportation
 u - a scroll of immolation
Potions
 e - 2 potions of berserk rage
 g - 2 potions of might
 i - a potion of cancellation
 m - a potion of lignification
 n - a potion of attraction {unknown}
 o - a potion of brilliance {unknown}
 A - 2 potions of heal wounds {unknown}
 C - a potion of haste {unknown}


   Skills:
 - Level 2.4 Dodging
 - Level 2.4 Stealth
 + Level 8.9 Spellcasting
 * Level 9.9 Conjurations
 * Level 10.5 Fire Magic


You had 11 spell levels left.
You knew the following spells:

 Your Spells              Type           Power      Damage    Failure   Level
a - Foxfire               Conj/Fire      100%       2x1d9     1%          1
b - Scorch                Fire           100%       2d10      1%          2
c - Conjure Flame         Conj/Fire      67%        6-21      1%          3
d - Flame Wave            Conj/Fire      67%        2d12      1%          4
e - Sticky Flame          Conj/Fire      67%        2d8       1%          4

Your spell library contained the following spells:

 Spells                   Type           Power      Damage    Failure   Level
 Inner Flame              Hex/Fire       46%        N/A       1%          3
 Pain                     Necr           52%        1d6       3%          1
 Summon Small Mammal      Summ           52%        N/A       3%          1
 Call Canine Familiar     Summ           13%        N/A       11%         3
 Summon Guardian Golem    Hex/Summ       13%        N/A       11%         3
 Borgnjor's Vile Clutch   Necr/Erth      6%         N/A       71%         5
 Excruciating Wounds      Necr           6%         N/A       71%         5


Dungeon Overview and Level Annotations

Branches:
Dungeon (8/15)             Temple (1/1) D:4
   Lair: D:8-11

Altars:
Cheibriados
Dithmenos
Elyvilon
Gozag
Makhleb
Okawaru
Sif Muna
Trog
Vehumet
Wu Jian
Xom
Yredelemnul

Annotations:
D:4 2 transporters


Message History

(Press . to intensify the flame waves.)
The steam dragon hisses angrily.
You feel sick.
The wight hits you from afar with a +0 spear!
You feel drained.
Casting: Flame Wave (dangerous; 1% risk of failure)
Confirm with . or Enter, or press ? or * to list all spells.
Flames lash the wight.
You destroy the wight!
Vehumet accepts your kill.
You feel sick.
A centaur zombie comes into view.
You feel sick.
You feel sick. The steam dragon breathes steam at you.
The ball of steam hits you!
* * * LOW HITPOINT WARNING * * *
* * * LOW HITPOINT WARNING * * *
You feel sick.
Okay, then.
* * * LOW HITPOINT WARNING * * *
You feel sick.
Casting: Scorch (safe; 1% risk of failure)
Confirm with . or Enter, or press ? or * to list all spells.
The fire begins to smoulder!
* * * LOW HITPOINT WARNING * * *
You feel sick.
* * * LOW HITPOINT WARNING * * *
You feel sick.
You are no longer poisoned.
The centaur zombie barely misses you.
The centaur zombie completely misses you.
The centaur zombie smothers the flame.
Casting: Conjure Flame (safe; 1% risk of failure)
Confirm with . or Enter, or press ? or * to list all spells.
Flames lash the centaur zombie.
The centaur zombie is moderately damaged.
The centaur zombie's fire resistance burns away.
The centaur zombie hits you.
You die...

#..........#.#.##.#.###.#.#
#......#.....#..).#.### #..
###....###...##.......# ###
#..........##.......#
#......##..##†......#
#......##.........#.#
#.........####..#.#.#
######.#.#######..#.#.#
.........Z@......>..#.#
.........#####.######
.............#
.........§.#.#.#
.........§.§...#
.........#)#.#..#
.........#§§.# #
..#########..# . .D..


You could see a centaur zombie (combustible).

Vanquished Creatures
  Harold (D:7)
  A hornet (D:8)
  A steam dragon (D:8)
  Eustachio (D:5)
  A water moccasin (D:4)
  An ice beast (D:3)
  An orc warrior (D:7)
  A black bear (D:5)
  A necrophage (D:4)
  An ogre (D:5)
  A phantom (D:7)
  2 kobold brigands
  2 bullfrogs (D:6)
  3 scorpions (D:6)
  2 wyvern zombies
  2 water moccasin zombies (D:5)
  2 water moccasin skeletons
  8 wights
  A crimson imp (D:6)
  A centaur zombie (D:6)
  A howler monkey (D:7)
  A bullfrog zombie (D:6)
  A centaur skeleton (D:5)
  A gnoll shaman (D:7)
  2 orc priests
  5 hounds
  A bullfrog skeleton (D:6)
  Jessica (D:3)
  2 orc wizards
  3 iguanas
  A killer bee zombie (D:6)
  A hound skeleton (D:5)
  A mummy (D:5)
  A howler monkey skeleton (D:6)
  12 gnolls
  4 adders
  A shadow imp (D:6)
  2 white imps (D:5)
  An ufetubus (D:6)
  8 worms
  29 orcs
  11 ball pythons
  5 endoplasms
  A giant cockroach (D:2)
  4 goblins
  6 hobgoblins
  4 jackals
  13 kobolds
  A quokka (D:5)
  9 bats
  4 frilled lizards
  A hobgoblin zombie (D:5)
  A kobold zombie (D:5)
  2 orc zombies (D:5)
  8 rats
183 creatures vanquished.

Vanquished Creatures (collateral kills)
  8 foxfires (D:2)
8 creatures vanquished.

Vanquished Creatures (others)
  1011 foxfires
1011 creatures vanquished.

Grand Total: 1202 creatures vanquished

Notes
Turn   | Place    | Note
-------+----------+-------------------------------------------
     0 | D:1      | dorian the Deep Elf Fire Elementalist began the quest for
                  | the Orb.
     0 | D:1      | Reached XP level 1. HP: 10/10 MP: 6/6
   233 | D:1      | Reached XP level 2. HP: 15/15 MP: 8/8
   920 | D:2      | Reached XP level 3. HP: 19/19 MP: 9/9
  1010 | D:2      | Found a faded altar of an unknown god.
  1076 | D:2      | Reached skill level 4 in Fire Magic
  1079 | D:2      | Learned a level 2 spell: Scorch
  1083 | D:2      | Learned a level 3 spell: Conjure Flame
  1108 | D:2      | Found an ornate altar of the Wu Jian Council.
  1457 | D:2      | Reached XP level 4. HP: 24/24 MP: 8/11
  1576 | D:3      | Identified the +0 leather armour of Indomitability {rC-
                  | Will+ Dex+8 Stlth+}
  1607 | D:3      | Noticed an ice beast
  1614 | D:3      | Killed an ice beast
  1615 | D:3      | Reached skill level 5 in Fire Magic
  1615 | D:3      | Reached XP level 5. HP: 11/28 MP: 5/13
  1933 | D:3      | Noticed Jessica
  1937 | D:3      | Killed Jessica
  1944 | D:3      | Found a shimmering blue altar of Sif Muna.
  2335 | D:4      | Reached XP level 6. HP: 32/32 MP: 11/14
  2784 | D:4      | Found a staircase to the Ecumenical Temple.
  2942 | D:4      | Found a transporter.
  2970 | D:4      | Noticed a water moccasin
  2978 | D:4      | Killed a water moccasin
  3011 | D:4      | Reached skill level 5 in Spellcasting
  3011 | D:4      | Reached skill level 5 in Conjurations
  3011 | D:4      | Reached skill level 6 in Fire Magic
  3148 | D:4      | Found a transporter.
  3153 | D:4      | Noticed a fire bat
  3153 | D:4      | Noticed a fire bat
  3207 | D:4      | Reached XP level 7. HP: 36/36 MP: 10/16
  3390 | D:4      | Learned a level 4 spell: Flame Wave
  3630 | D:5      | Entered Level 5 of the Dungeon
  3647 | D:5      | Found a bloodstained altar of Trog.
  3647 | D:5      | Found an opulent altar of Gozag.
  3928 | D:5      | Noticed Eustachio
  3970 | D:5      | Killed Eustachio
  3971 | D:5      | Reached skill level 7 in Fire Magic
  4017 | D:5      | Reached XP level 8. HP: 41/41 MP: 17/19
  5066 | D:6      | Reached skill level 8 in Fire Magic
  5334 | D:6      | Found a burning altar of Makhleb.
  5397 | D:6      | Got Ahann's Handbook of the Unholy Arsonist
  5403 | D:6      | Learned a level 4 spell: Sticky Flame
  5446 | D:6      | Found an ornate altar of the Wu Jian Council.
  5685 | D:6      | Reached XP level 9. HP: 45/45 MP: 22/22
  5717 | D:7      | Noticed Harold
  5717 | D:7      | Found a large runed translucent door.
  5717 | D:7      | Found a large runed translucent door.
  6058 | D:7      | Reached skill level 9 in Fire Magic
  6075 | D:7      | HP: 1/45 [Harold/bolt of acid (34)]
  6576 | D:7      | Found an iron altar of Okawaru.
  6894 | D:7      | Killed Harold
  6895 | D:7      | Reached skill level 10 in Fire Magic
  7106 | D:7      | Found a snail-covered altar of Cheibriados.
  7333 | D:7      | Found a white marble altar of Elyvilon.
  7336 | D:7      | Found a shadowy altar of Dithmenos.
  7431 | Temple   | Entered the Ecumenical Temple
  7489 | Temple   | Became a worshipper of Vehumet
  7765 | D:8      | HP: 2/43 [poisoned by a hornet]
  7767 | D:8      | Slain by a centaur zombie

Illustrated notes

Levels and vault maps discovered:
D:1:      dpeg_arrival_rooms_c, layout_loops_ring
D:2:      minmay_general_purpose_star, layout_rooms,
          dreamdust_ecumenical_altar_grove, basic_altar, minmay_quantized
D:3:      layout_rooms, tgw_sif, due_unseen_surprise
D:4:      gammafunk_cloud_chamber, layout_cave_pods,
          minmay_temple_entry_antechambers, serial_glass, glass_columns_c,
          glass_columns_c, feat_on_display, serial_bayou_pond_d,
          nicolae_wormholes
D:5:      layout_basic, gammafunk_temple_overflow_statue, minmay_mini_ossuary,
          uniq_eustachio
D:6:      layout_rooms, kennysheep_little_box, makhleb_grotto_becter
D:7:      layout_basic, jmf_multi_god_temple2, mainiacjoe_overflow_24_doors,
          lemuel_doored_altar, uniq_harold
D:8:      layout_basic, nicolae_hepliaklqana_monster_ancestors
Temple:   nicolae_temple_figure_zero

Skill      XL: |  1  2  3  4  5  6  7  8  9 |
---------------+----------------------------+-----
Conjurations   | 2 3 4 5 6 8 9 |  9.9
Fire Magic     | 4 5 6 7 8 10 | 10.5
Spellcasting   | 4 5 6 7 8 |  8.9
Dodging        | |  2.4
Stealth        | |  2.4

Action                   |  1- 3 |  4- 6 |  7- 9 || total
-------------------------+-------+-------+-------++-------
Melee: Unarmed           |     1 |       |       ||     1
       Flail             |       |       |     5 ||     5
 Cast: Foxfire           |    81 |   149 |   440 ||   670
       Scorch            |     5 |     4 |    24 ||    33
       Flame Wave        |       |       |     3 ||     3
       Conjure Flame     |       |       |     2 ||     2
Evoke: Wand              |       |       |     3 ||     3
  Use: Scroll            |       |     7 |    13 ||    20
       Potion            |       |       |     1 ||     1
Armor: Robe              |     2 |     1 |    13 ||    16
Dodge: Dodged            |    12 |     6 |    64 ||    82
